 Dungeon Crawl Stone Soup version 0.23.2-30-g0e89c35649 (webtiles) character file.

Game seed: 9133279012214538506

3306 Morrissey the Cleaver (level 10, -1/100 HPs)
             Began as a Hill Orc Fighter on June 10, 2019.
             Was a Priest of Okawaru.
             Slain by a hornet (13 damage)
             ... on level 8 of the Dungeon.
             The game lasted 00:10:23 (5987 turns).

Morrissey the Cleaver (Hill Orc Fighter)            Turns: 5987, Time: 00:10:24

Health: -1/100     AC: 12    Str: 21 (23) XL:     10   Next: 1%
Magic:  9/11       EV: 11    Int: 10 (13) God:    Okawaru [***...]
Gold:   254        SH:  0    Dex:  7 (10) Spells: 9/9 levels left

rFire    + + +     SeeInvis +   a - +2 broad axe (freeze)
rCold    + . .     Gourm    .   (no shield)
rNeg     . . .     Faith    +   b - +0 scale mail
rPois    +         Spirit   .   (no helmet)
rElec    +         Reflect  .   p - scarf {rC+ rF+}
rCorr    +         Harm     .   i - +0 pair of gloves
MR       .....                  m - +0 pair of boots
Stlth    +.........             d - amulet of faith
HPRegen  0.26/turn              t - ring of see invisible
MPRegen  0.12/turn              w - ring of fire

@: brilliant, lethally poisoned (-1 -> -3), resistant, heroism, very slightly
contaminated, hasted, invisible, very quick
A: hooves 1, fire resistance 1, poison resistance, robust 1
a: Heroism, Renounce Religion


You were on level 8 of the Dungeon.
You worshipped Okawaru.
Okawaru was most pleased with you.
You were near starving.

You visited 1 branch of the dungeon, and saw 8 of its levels.
You also visited: Bailey.

You collected 443 gold pieces.
You spent 189 gold pieces at shops.

Inventory:

Hand Weapons
 a - a +2 broad axe of freezing (weapon)
Armour
 b - a +0 scale mail (worn)
 c - a +0 shield
 i - a +0 pair of gloves (worn)
 m - a +0 pair of boots (worn)
 p - a scarf of resistance (worn)
Jewellery
 d - an amulet of faith (around neck)
 t - a ring of see invisible (left hand)
 w - a ring of fire (right hand)
 B - a +5 ring of intelligence {unknown}
 D - an uncursed ring of protection from cold {unknown}
Wands
 z - a wand of random effects (20)
 C - a wand of acid (7)
 F - a wand of enslavement (12)
Scrolls
 g - 6 scrolls of teleportation
 j - a scroll of noise
 q - a scroll of blinking
 u - 2 scrolls of remove curse
 v - 3 scrolls of random uselessness
 y - a scroll of fog {unknown}
 A - 2 scrolls of identify {unknown}
 G - a scroll of fear {unknown}
Potions
 e - 2 potions of flight
 n - a potion of invisibility
 o - 2 potions of degeneration
 r - a potion of haste
 x - 2 potions of might
Comestibles
 f - 12 rations


   Skills:
 + Level 9.0(14.0) Fighting
 * Level 12.5(17.5) Axes
 + Level 8.2(13.2) Armour
 - Level 3.2(8.2) Shields
 + Level 2.0 Invocations


You had 9 spell levels left.
You didn't know any spells.
Your spell library contained the following spells:

 Spells                   Type           Power        Failure   Level  Hunger
 Sting                    Conj/Pois      #...         10%         1    ##.....
 Poisonous Vapours        Pois/Air       #.....       13%         2    ###....
 Mephitic Cloud           Conj/Pois/Air  #.......     24%         3    ####...
 Olgreb's Toxic Radiance  Pois           #.......     56%         4    #####..
 Venom Bolt               Conj/Pois      #.........   85%         5    ######.


Dungeon Overview and Level Annotations

Branches:
Dungeon (8/15)             Temple (0/1) D:7            Lair (0/6) D:8

Altars:
Cheibriados
Dithmenos
Hepliaklqana
Okawaru
Qazlal
Ru
Wu Jian

Shops:
D:6 ((


Innate Abilities, Weirdness & Mutations

You have large cloven feet.
Your flesh is heat resistant. (rF+)
Your system is resistant to poisons. (rPois)
You are robust. (+10% HP)


Message History

* * * LOW HITPOINT WARNING * * *
The hornet stings you but does no damage.
You feel sick.
The hornet stings you but does no damage.
You can move again.
Unknown command.
Unknown command.
Unknown command.
You hit the hornet. You freeze the hornet. Your punch misses the hornet.
The hornet is severely wounded.
The hornet barely misses you.
You hit the hornet but do no damage.
The hornet is severely wounded.
You feel yourself speed up.
You feel sick.
Unknown command.
You miss the hornet.
The hornet is severely wounded.
The hornet stings you!
You die...

*#.......#* ##...#
##... #......##
##...## #....
#.......# ##...##
*#..## ###.......#
##...## #..##
.......)..###...##
*#..*
###.......##....#
#..#*
#######.......####**
*#..*
####....##.#,*****..**
* ##...@y#†#,*,,*,,*
***
###.##.#.#+,,*,****%.
#.#,#.#.#***,***,..
###**####*,,***,,..
*,,***,,,*,,,,,,
**,,**,,**,,,,,,
**,,,,,***,,,,,
**,,,,** *,,,,, **
**,,,,,,****,,,,


You could see a hornet.

Vanquished Creatures
  A two-headed ogre (D:8)
  A hornet (D:8)
  A hippogriff (D:7)
  Sigmund (D:6)
  A soldier ant (D:8)
  An ice beast (D:5)
  2 black bears
  An ogre (D:7)
  3 phantoms
  A centaur (D:5)
  A crocodile (D:8)
  3 bullfrogs
  A scorpion (D:4)
  3 killer bees (D:7)
  4 howler monkeys
  5 crimson imps
  A hound (D:8)
  An orc priest (D:3)
  A jelly (D:5)
  An orc wizard (D:4)
  8 worker ants
  A killer bee zombie (D:7)
  The ghost of Moridin the Skirmisher, a weakling GrMo (D:5)
  A hound zombie (D:6)
  2 hound skeletons
  A howler monkey skeleton (D:4)
  8 adders
  A shadow imp (D:6)
  An ooze (D:2)
  3 worms
  3 dart slugs
  2 leopard geckos
  15 orcs
  A ball python (D:2)
  4 giant cockroaches
  7 goblins
  6 hobgoblins
  7 jackals
  2 quokkas
  6 bats
  6 frilled lizards
  11 kobolds
  4 rats
135 creatures vanquished.

Notes
Turn   | Place    | Note
-------+----------+-------------------------------------------
     0 | D:1      | Morrissey the Hill Orc Fighter began the quest for the Orb.
     0 | D:1      | Reached XP level 1. HP: 19/19 MP: 1/1
    74 | D:1      | Reached skill level 3 in Axes
   122 | D:1      | Reached XP level 2. HP: 26/27 MP: 2/2
   291 | D:1      | Reached XP level 3. HP: 33/33 MP: 3/3
   583 | D:2      | Noticed a black bear
   588 | D:2      | Killed a black bear
   588 | D:2      | Reached skill level 5 in Axes
   588 | D:2      | Reached XP level 4. HP: 37/41 MP: 4/4
   601 | D:2      | Reached XP level 5. HP: 44/47 MP: 5/5
   661 | D:2      | Found a shadowy altar of Dithmenos.
   676 | D:2      | Found an iron altar of Okawaru.
   685 | D:2      | Became a worshipper of Warmaster Okawaru
  2562 | D:4      | Reached skill level 6 in Axes
  2562 | D:4      | Reached XP level 6. HP: 49/55 MP: 6/6
  2593 | D:4      | Noticed a phantom
  2634 | D:4      | Killed a phantom
  2634 | D:4      | Reached skill level 5 in Fighting
  2716 | D:4      | Noticed a phantom
  2742 | D:4      | Killed a phantom
  2742 | D:4      | Reached skill level 7 in Axes
  2742 | D:4      | Reached skill level 5 in Armour
  2867 | D:4      | Reached XP level 7. HP: 45/61 MP: 7/7
  3056 | D:4      | Reached * piety under Okawaru
  3255 | D:4      | Found a hazy altar of Hepliaklqana.
  3271 | D:4      | Found a snail-covered altar of Cheibriados.
  3326 | D:4      | Found a sacrificial altar of Ru.
  3467 | D:5      | Entered Level 5 of the Dungeon
  3677 | D:5      | Reached skill level 8 in Axes
  3845 | D:5      | Found a stormy altar of Qazlal.
  3977 | D:5      | Found a runed translucent door.
  3982 | D:5      | Noticed Moridin's ghost (weakling GrMo)
  4101 | D:5      | Killed Moridin's ghost
  4101 | D:5      | Reached XP level 8. HP: 62/70 MP: 8/8
  4387 | D:6      | Reached skill level 9 in Axes
  4396 | D:6      | Found Aliekeic's Antique Weapon Shop.
  4402 | D:6      | Bought a runed broad axe for 189 gold pieces
  4422 | D:6      | Reached ** piety under Okawaru
  4457 | D:6      | Noticed Sigmund
  4471 | D:6      | Killed Sigmund
  4502 | D:6      | Found Otwumuca's Antique Weapon Boutique.
  4780 | D:7      | Reached skill level 10 in Axes
  4807 | D:7      | Found a staircase to the Ecumenical Temple.
  4828 | D:7      | Noticed a hippogriff
  4832 | D:7      | Killed a hippogriff
  4832 | D:7      | Reached XP level 9. HP: 42/79 MP: 9/9
  5000 | D:7      | Found an ornate altar of the Wu Jian Council.
  5214 | D:7      | Reached skill level 11 in Axes
  5219 | D:7      | Reached *** piety under Okawaru
  5600 | D:8      | Noticed a two-headed ogre
  5610 | D:8      | Killed a two-headed ogre
  5610 | D:8      | Reached skill level 12 in Axes
  5641 | D:8      | Found a flagged portal.
  5654 | Bailey   | Entered a bailey
  5962 | D:8      | Noticed a hornet
  5965 | D:8      | Reached skill level 1 in Invocations
  5969 | D:8      | Killed a hornet
  5969 | D:8      | Reached **** piety under Okawaru
  5969 | D:8      | Reached XP level 10. HP: 43/91 MP: 9/11
  5979 | D:8      | Gained mutation: You are robust. (+10% HP) [potion of
                  | mutation]
  5979 | D:8      | Gained mutation: You have large cloven feet. [potion of
                  | mutation]
  5979 | D:8      | Gained mutation: Your system is resistant to poisons.
                  | (rPois) [potion of mutation]
  5979 | D:8      | Gained mutation: Your flesh is heat resistant. (rF+)
                  | [potion of mutation]
  5982 | D:8      | Paralysed by a hornet for 2 turns
  5987 | D:8      | Slain by a hornet

Skill      XL: |  1  2  3  4  5  6  7  8  9 |
---------------+----------------------------+-----
Axes           | 3 5 6 7 8 10 12 | 12.5
Fighting       | 4 5 6 7 9 |  9.0
Armour         | 4 5 7 8 |  8.2
Invocations    | 2 |  2.0
Shields        | |  3.2

Action                   |  1- 3 |  4- 6 |  7- 9 | 10-12 || total
-------------------------+-------+-------+-------+-------++-------
Melee: War axe           |    71 |   171 |   146 |       ||   388
       Broad axe         |       |       |   119 |     6 ||   125
Invok: Heroism           |       |       |       |     1 ||     1
  Use: Potion            |     1 |       |     3 |     7 ||    11
       Scroll            |       |       |     7 |       ||     7
  Eat: Chunk             |       |     6 |     9 |       ||    15
Armor: Scale mail        |    50 |    84 |   118 |    11 ||   263
Dodge: Dodged            |    63 |    79 |   129 |     7 ||   278
